 Dungeon Crawl Stone Soup version 0.27.1-1-g398f81649c (webtiles) character file.

Game seed: 14680551410563724770

854 ZARRMARR the Digger (level 8, -1/50 (51) HPs)
             Began as an Octopode Earth Elementalist on Sept 6, 2021.
             Slain by a necrophage (6 damage)
             ... on level 5 of the Dungeon.
             The game lasted 00:17:18 (4995 turns).

ZARRMARR the Digger (Octopode Earth Elementalist)   Turns: 4995, Time: 00:17:20

HP:   -1/50 (51)    AC:  1    Str:  8    XL:     8   Next: 1%
MP:   2/14          EV: 14    Int: 19    God:
Gold: 152           SH:  0    Dex: 12    Spells: 11/15 levels left

rFire    . . .     SeeInvis .   a - +2 mace (holy)
rCold    . . .     Faith    .   (no shield)
rNeg     . . .     Spirit   .   (helmet restricted)
rPois    .         Reflect  .   (no amulet)
rElec    .         Harm     .   f - ring of willpower
rCorr    .         Rampage  .   (no ring)
Will     +....                  (no ring)
Stlth    ++++......             (no ring)
HPRegen  0.16/turn              (no ring)
MPRegen  0.14/turn              (no ring)
                                (no ring)
                                (no ring)

@: lightly drained
A: almost no armour, amphibious, 8 rings, camouflage 1, gelatinous body 1,
(nimble swimmer 1), tentacles
a: no special abilities


You were on level 5 of the Dungeon.
You visited 1 branch of the dungeon, and saw 5 of its levels.

You collected 152 gold pieces.

Inventory:

Hand Weapons
 a - a +2 mace of holy wrath (weapon)
Missiles
 b - 25 stones
Jewellery
 d - an amulet of faith
 f - a ring of willpower (left tentacle)
 h - a ring of ice
Wands
 l - a wand of iceblast (10)
Scrolls
 c - a scroll of magic mapping {unknown}
 e - a scroll of teleportation {unknown}
 j - a scroll of acquirement {unknown}
 k - a scroll of amnesia {unknown}
 m - a scroll of fog {unknown}
Potions
 g - a potion of brilliance
 i - a potion of curing {unknown}
Miscellaneous
 n - a piece from Xom's chessboard (15/15)


   Skills:
 + Level 2.5 Fighting
 + Level 3.4 Dodging
 + Level 5.0 Stealth
 * Level 4.1 Spellcasting
 * Level 3.8 Conjurations
 - Level 1.0 Transmutations
 * Level 5.0 Earth Magic


You had 11 spell levels left.
You knew the following spells:

 Your Spells              Type           Power      Damage    Failure   Level
a - Sandblast             Erth           46%        2d11      1%          1
b - Stone Arrow           Conj/Erth      40%        3d9       6%          3

Your spell library contained the following spells:

 Spells                   Type           Power      Damage    Failure   Level
 Passwall                 Tmut/Erth      12%        N/A       6%          2
 Petrify                  Tmut/Erth      15%        N/A       36%         4


Dungeon Overview and Level Annotations

Branches:
Dungeon (5/15)
 Temple: D:4-7

Altars:
Kikubaaqudgha
Yredelemnul

Shops:
D:4 =


Innate Abilities, Weirdness & Mutations

You cannot wear most types of armour.
You are amphibious.
You can wear up to eight rings at the same time.
Your skin changes colour to match your surroundings (Stealth+).
Your rubbery body absorbs attacks. (AC +1, EV +1)
((You are camouflaged near water. (Stealth+)))
You have tentacles for arms and can constrict up to eight enemies at once.


Message History

You hit the phantom.
The phantom convulses.
You squeeze the phantom.
The phantom is severely damaged.
A necrophage comes into view.
The phantom closely misses you. The phantom misses you.
You closely miss the phantom.
The phantom is heavily damaged.
The phantom hits you.
The phantom blinks!
You blink.
You miss the phantom.
The phantom is heavily damaged.
The phantom hits you!
You closely miss the phantom.
The phantom is heavily damaged.
The phantom hits you!
The phantom blinks!
You blink.
Found a scroll labelled SOATAR DIAB.
The phantom hits you.
Unknown command.
You barely miss the phantom.
The phantom is heavily damaged.
The necrophage completely misses you. The phantom closely misses you.
You thump the phantom!
The phantom convulses.
You destroy the phantom!
The necrophage hits you.
A bullfrog skeleton comes into view.
The necrophage hits you.
* * * LOW HITPOINT WARNING * * *
You feel drained.
* * * LOW HITPOINT WARNING * * *
Your life force feels restored.
Your Stealth skill increases to level 5!
Your Earth Magic skill increases to level 5!
You have reached level 8!
You barely miss the necrophage. Your grab misses the necrophage.
The necrophage hits you.
* * * LOW HITPOINT WARNING * * *
You closely miss the necrophage. Your grab misses the necrophage.
The necrophage hits you.
* * * LOW HITPOINT WARNING * * *
You feel drained.
* * * LOW HITPOINT WARNING * * *
The necrophage hits you.
You die...

D...#..#. #.#.###..#
........ #.....#..##
.......#### #...<#...#
..........######...#.#
...#......... ##..#.#
. #..#...# #.####....#
.##.#.(# .Z?#......
......## #...##.#...
..<..## #n@## .. ..
.###.# #..# #. . #.#
#.## #. #.. .. ###.
.#. ## .... .. ..
......


You could see a necrophage and a bullfrog skeleton.

Vanquished Creatures
  An ogre (D:4)
  A necrophage (D:5)
  2 phantoms
  A scorpion (D:4)
  A water moccasin skeleton (D:4)
  A killer bee (D:4)
  A bullfrog zombie (D:4)
  A centaur skeleton (D:4)
  A jelly (D:5)
  A hound (D:4)
  Natasha (thrice) (D:2)
  2 iguanas (D:4)
  An orc wizard (D:4)
  A hound skeleton (D:4)
  3 adders
  2 worms (D:3)
  6 orcs (D:4)
  4 bats
  5 endoplasms
  2 giant cockroaches
  5 goblins
  7 hobgoblins
  9 kobolds
  2 quokkas (D:1)
  8 ball pythons
  2 frilled lizards (D:2)
  2 rats
75 creatures vanquished.

Notes
Turn   | Place    | Note
-------+----------+-------------------------------------------
     0 | D:1      | ZARRMARR the Octopode Earth Elementalist began the quest
                  | for the Orb.
     0 | D:1      | Reached XP level 1. HP: 11/11 MP: 3/3
   214 | D:1      | Reached XP level 2. HP: 17/17 MP: 1/5
   690 | D:2      | Reached XP level 3. HP: 18/22 MP: 2/6
   750 | D:2      | Learned a level 3 spell: Stone Arrow
   861 | D:2      | Noticed Natasha
   866 | D:2      | Killed Natasha
   867 | D:2      | Reached skill level 1 in Conjurations
  1114 | D:2      | Found a faded altar of an unknown god.
  1217 | D:2      | Reached XP level 4. HP: 27/27 MP: 3/7
  1262 | D:2      | Noticed Natasha
  1272 | D:2      | Killed Natasha
  1273 | D:2      | Reached skill level 1 in Fighting
  1803 | D:2      | Found a basalt altar of Yredelemnul.
  2016 | D:2      | Noticed Natasha
  2020 | D:2      | Killed Natasha
  2021 | D:2      | Reached XP level 5. HP: 33/33 MP: 2/9
  2354 | D:3      | Found an ancient bone altar of Kikubaaqudgha.
  2778 | D:3      | Noticed a sky beast
  3218 | D:4      | Reached XP level 6. HP: 24/38 MP: 1/10
  3546 | D:4      | Found Sodustriud's Jewellery Shoppe.
  3951 | D:4      | Reached XP level 7. HP: 45/45 MP: 5/12
  4134 | D:4      | Found a basalt altar of Yredelemnul.
  4812 | D:5      | Entered Level 5 of the Dungeon
  4994 | D:5      | Reached skill level 5 in Stealth
  4994 | D:5      | Reached skill level 5 in Earth Magic
  4994 | D:5      | Reached XP level 8. HP: 12/51 MP: 1/14
  4995 | D:5      | Slain by a necrophage

Illustrated notes

Levels and vault maps discovered:
D:1:      dpeg_arrival_orchard, layout_rooms
D:2:      layout_loops_cross, basic_altar,
          shapermc_ecumenical_altar_mp_vishouse, st_stairs_3,
          wander_ebering_terrifying_dragon_lair, uniq_natasha
D:3:      layout_rooms, kiku_gazebo_pond_becter
D:4:      minmay_clustersquares, layout_cave_pods, lemuel_tele_altar,
          serial_shops, nicolae_shop_trees, amethyst_killhole
D:5:      layout_rooms, mainiacjoe_overflow_six_doors_small,
          mainiacjoe_overflow_catwalk, mainiacjoe_overflow_tiny_flanked

Skill      XL: |  1  2  3  4  5  6  7 |
---------------+----------------------+-----
Stealth        | 3 4 5 |  5.0
Conjurations   | 1 2 3 |  3.8
Fighting       | 1 2 |  2.5
Spellcasting   | 3 4 |  4.1
Earth Magic    | 4 5 |  5.0
Dodging        | 3 |  3.4
Transmutations | |  1.0

Action                   |  1- 3 |  4- 6 |  7- 9 || total
-------------------------+-------+-------+-------++-------
Melee: Unarmed           |    10 |       |       ||    10
       Constrict         |     5 |     3 |     2 ||    10
       Tentacles         |     2 |     2 |     3 ||     7
       Mace              |     5 |    14 |    18 ||    37
 Cast: Sandblast         |    24 |    29 |    11 ||    64
       Stone Arrow       |     3 |    30 |    10 ||    43
  Use: Scroll            |     1 |     1 |       ||     2
       Potion            |       |     1 |       ||     1
Armor: Skin              |     4 |     1 |       ||     5
Dodge: Dodged            |    14 |    15 |    10 ||    39
